AoeStats
← 沉淀

Black Forest

506116178Analyzed
1v1 RM · 21d ago on Sep 12, 2026· 56m 57s· 2 players
Game mode
Random Map
Map size
Tiny (2 player)
Population
200
Speed
Normal
Resources
Standard
Victory
Conquest
Starting age
Dark Age
Ending age
Imperial Age
RankedLock teamsTeams togetherTeam positionsShared explorationLock speedFull tech treeHidden civsTurbo modeCheats
Victory
Defeat
🇨🇳 Mongols · China
318
+8
🇦🇷 Khmer · Argentina
120
-8
soyjimenez_82
12:14 Feudal Age
16:26 Castle Age
14:13 Loom
25:11 Horse Collar
32:31 Imperial Age
31:45 Husbandry
31:57 Bloodlines
32:25 Light Cavalry
43:30 Double Crossbow
沉淀
11:17 Feudal Age
11:45 Loom
16:22 Double-Bit Axe
22:16 Castle Age
21:33 Stone Mining
26:24 Bow Saw
32:17 Imperial Age
30:29 Wheelbarrow
30:07 Fortified Wall
31:03 Gold Mining
31:48 Stone Shaft Mining
32:27 Fletching
32:38 Padded Archer Armor
35:17 Murder Holes
38:58 Hoardings
41:14 Hand Cart
42:30 Leather Archer Armor
42:11 Bodkin Arrow
42:31 Forging
44:16 Herbal Medicine
51:41 Bracer
52:16 Iron Casting
51:42 Scale Mail Armor
51:48 Scale Barding Armor
51:08 Elite Mangudai
51:50 Nomads
53:43 Drill
55:30 Chain Barding Armor
56:10 Blast Furnace
56:13 Ballistics
56:07 Masonry
56:03 Siege Engineers
57:35 Conscription
Connection lost

Rejoining the realm…

Still unreachable

The connection could not be restored.

Session expired

The server has moved on; the page needs a fresh start.